 Dungeon Crawl Stone Soup version 0.29-a0-356-g7bc237e783 (webtiles) character file.

Game seed: 11755787806046622958

5 spaghetti the Sneak (level 1, 11/20 HPs)
             Began as a Deep Dwarf Delver on Apr 26, 2022.
             Quit the game on level 5 of the Dungeon.
             The game lasted 00:00:15 (99 turns).

spaghetti the Sneak (Deep Dwarf Delver)               Turns: 99, Time: 00:00:16

Health: 11/20      AC:  3    Str: 15    XL:     1   Next: 66%
Magic:  1/1        EV: 12    Int: 10    God:
Gold:   18         SH:  0    Dex: 14    Spells: 0/0 levels left

rFire   . . .      SeeInvis .   a - +0 short sword {short}
rCold   . . .      Faith    .   (no shield)
rNeg    . . .      Spirit   .   b - +0 leather armour
rPois   .          Reflect  .   (no helmet)
rElec   .          Harm     .   (no cloak)
rCorr   .          Rampage  .   (no gloves)
Will    .....                   (no boots)
Stlth   +++.......              (no amulet)
HPRegen 0.00/turn               (no ring)
MPRegen 0.07/turn               (no ring)

@: no status effects
A: damage resistance, heal wounds, sense surroundings 1, no regeneration
a: Heal Wounds


You were on level 5 of the Dungeon.
You visited 1 branch of the dungeon, and saw 2 of its levels.

You collected 18 gold pieces.


Innate Abilities, Weirdness & Mutations

You are resistant to damage.
You can heal yourself by infusing magical energy.
You passively map a small area around you.
You do not regenerate.


   Skills:
 - Level 2.6 Fighting
 - Level 1.7 Short Blades
 - Level 2.1 Dodging
 + Level 6.4 Stealth


You couldn't memorise any spells.
You didn't know any spells.
Your spell library was empty.

Inventory:

Hand Weapons
 a - a +0 short sword (weapon) {short}
Armour
 b - a +0 leather armour (worn)
Wands
 g - a wand of digging (3)
Scrolls
 c - a scroll of fog
 d - a scroll of magic mapping {!r}
 e - a scroll of fear
 h - a scroll of amnesia {unknown}
Potions
 f - a potion of haste {@q3}
 i - 2 potions of attraction {unknown}
 j - a potion of lignification {unknown}

Dungeon Overview and Level Annotations

Branches:
Dungeon (5/15)
 Temple: D:4-7

Altars:

* , * * *
.##....., *
............#* *
...........# , ,
..........## *
#...#......, *
#,#...#.h..
#!#...#..# , *
#.#...#@.#* , ,
#........###. ,
##*###...##......
, * ,
....##.../..#####
* #......##.#### ,
, #............# *
.^..#####....#.###
, >## #........##
,* #....#....#


You could see a hound.


Message History

🤖 Initializing magus.rc ...
Options error: Delay interrupt name "hungry" not recognised. (~/.crawlrc:4761) Options error: Bad monster_list_colour key: strict_neutral (~/.crawlrc:4776) ✅ Successfully initialized magus.rc [v1.9.6] Welcome, spaghetti the Deep Dwarf Delver.
It is said that the Orb of Zot exists deep within this dungeon.
Press ? for a list of commands and other information.
Found a bubbling inky potion.
Found a stone staircase leading down and a stone staircase leading up.
Found an escape hatch in the ceiling.
(D) Dungeon
Where to? (? - help)
There is a stone staircase leading up here.
You climb upwards.
There is a stone staircase leading down here.
Found a stone staircase leading down.
An ufetubus comes into view.
The ufetubus shouts!
The ufetubus moves out of view.
The ufetubus hits you. x2 😕 HP[-3]
You take 3 damage, and now have 17/20 hp.
The ufetubus barely misses you. The ufetubus closely misses you.
The ufetubus hits you but does no damage.
The ufetubus barely misses you.
There is a stone staircase leading down here.
The ufetubus misses you. The ufetubus hits you. The ufetubus misses you.
The ufetubus barely misses you.
You climb downwards.
There is a stone staircase leading up here. 😮 HP[-2]
You take 2 damage, and now have 15/20 hp.
Unknown command.
Unknown command.
You barely miss the ufetubus. The ufetubus misses you.
The ufetubus hits you. 😮 HP[-2]
You take 2 damage, and now have 13/20 hp.
You hit the ufetubus. The ufetubus misses you. The ufetubus hits you.
The ufetubus hits you but does no damage.
The ufetubus misses you. 😮 HP[-2]
You take 2 damage, and now have 11/20 hp.
You hit the ufetubus. The ufetubus hits you. The ufetubus misses you.
You hit the ufetubus.
You kill the ufetubus!
Found a stone staircase leading down.
h - a scroll labelled FOSYOCKO GABA
There is a stone staircase leading down here.
i - 2 fizzy grey potions
j - a bubbling inky potion
There is a stone staircase leading up here.
You now have 18 gold pieces.
Found an escape hatch in the floor.
A hound comes into view.
A hound is nearby!
Unknown command.
The hound barks!
You hear a shout! x2
Are you sure you want to abandon this character and quit the game? (Confirm with "yes".)

Action                   || total
-------------------------++-------
Melee: Short sword       ||     4
Armor: Leather armour    ||     2
Dodge: Dodged            ||    10

Levels and vault maps discovered:
D:4:      layout_loops_corners, general_overflow_altar,
          mainiacjoe_overflow_swirl, minmay_checkerbox, uniq_crazy_yiuf_cottage
D:5:      layout_loops_cross, kennysheep_mini_moat,
          gammafunk_ghost_nasty_kobolds, minmay_joined_circles

Notes
Turn   | Place    | Note
-------+----------+-------------------------------------------
     0 | D:5      | spaghetti the Deep Dwarf Delver began the quest for the
                  | Orb.
     0 | D:5      | Reached XP level 1. HP: 20/20 MP: 1/1
     0 | D:5      | magus.rc [v1.9.6]
    95 | D:5      | Noticed a hound
    99 | D:5      | Quit the game

Vanquished Creatures
  An ufetubus (D:5)
1 creature vanquished.

Table legend:
 A = Non-vault XP
 B = Vault XP
 C = Vault XP percentage of total XP
 D = Non-vault monster count
 E = Vault monster count
 F = Vault count percentage of total count
                 A         B        C        D         E       F
            +---------+---------+-------+---------+---------+-------
      Total |       8 |       0 |   0.0 |       1 |       0 |   0.0
            +---------+---------+-------+---------+---------+-------
        D:5 |       8 |       0 |   0.0 |       1 |       0 |   0.0
            +---------+---------+-------+---------+---------+-------

Illustrated notes

Table legend:
 A = Kills in this place as a percentage of kills in entire the game.
 B = Kills by you in this place as a percentage of kills by you in the entire game.
 C = Kills by friends in this place as a percentage of kills by friends in the entire game.
 D = Other kills in this place as a percentage of other kills in the entire game.
 E = Experience gained in this place as a percentage of experience gained in the entire game.
 F = Experience gained in this place divided by the number of levels of this place that you have seen.
                   A       B       C       D       E      F
               +-------+-------+-------+-------+-------+----------------------
         Total | 100.0 | 100.0 |   N/A |   N/A | 100.0 |   4.0
       Dungeon | 100.0 | 100.0 |   N/A |   N/A | 100.0 |   4.0
               +-------+-------+-------+-------+-------+----------------------

Table legend: (Time is in decaauts)
 A = Elapsed time spent in this place.
 B = Non-inter-level travel time spent in this place.
 C = Inter-level travel time spent in this place.
 D = Time resting spent in this place.
 E = Time spent auto-exploring this place.
 F = Levels seen in this place.
 G = Mean time per level.
                   A        B        C        D        E       F      G
               +--------+--------+--------+--------+--------+-----+--------+
         Total |     99 |     93 |      6 |      0 |     69 |   2 |   49.5 |
       Dungeon |     99 |     93 |      6 |      0 |     69 |   2 |   49.5 |
               +--------+--------+--------+--------+--------+-----+--------+

Top non-repeatable levels by time:
     D:5: 66 daAuts
     D:4: 32 daAuts
